 Dungeon Crawl Stone Soup version 0.19.0-2-gae57169 (webtiles) character file.

35 Patchouli the Magician (level 3, 26/26 HPs)
             Began as a Demigod Wizard on Nov 6, 2016.
             Quit the game on level 2 of the Dungeon.
             The game lasted 00:06:56 (769 turns).

Patchouli the Magician (Demigod Wizard)              Turns: 769, Time: 00:06:56

Health: 26/26      AC:  2    Str: 12    XL:     3   Next: 2%
Magic:  10/10      EV: 12    Int: 22    God:
Gold:   32         SH:  0    Dex: 14    Spells: 3 memorised, 3 levels left

rFire  . . .     SeeInvis .     e - +0 spear
rCold  . . .     Gourm    .     a - +0 robe
rNeg   . . .     Faith    .     (no shield)
rPois  .         Spirit   .     b - +0 hat
rElec  .         Reflect  .     (no cloak)
rCorr  .         Harm     .     (no gloves)
MR     .....                    (no boots)
Stlth  ++........               (no amulet)
                                (no ring)
                                (no ring)

@: no status effects
A: high mp 1
a: no special abilities


You were on level 2 of the Dungeon.
You were not hungry.

You visited 1 branch of the dungeon, and saw 2 of its levels.

You collected 32 gold pieces.

Inventory:

Hand Weapons
 e - a +0 spear (weapon)
 l - a +0 short sword of venom
Armour
 a - a +0 robe (worn)
 b - a +0 hat (worn)
Scrolls
 h - a scroll of teleportation {unknown}
 k - 3 scrolls of identify {unknown}
 n - a scroll of enchant armour {unknown}
 o - a scroll of remove curse {unknown}
Potions
 f - a potion of degeneration {unknown}
 g - a potion of resistance {unknown}
 m - a potion of lignification {unknown}
Books
 c - a book of Minor Magic

   Spells                             Type                      Level
   a - Magic Dart                     Conjuration                  1
   b - Blink                          Translocation                2
   c - Call Imp                       Summoning                    2
   d - Repel Missiles                 Charms/Air                   2
   e - Slow                           Hexes                        2
   f - Conjure Flame                  Conjuration/Fire             3
   g - Mephitic Cloud                 Conjuration/Poison/Air       3
Comestibles
 d - a bread ration
 i - 4 fruits
 j - 7 chunks of flesh


   Skills:
 + Level 0.1 Fighting
 + Level 1.0 Polearms
 * Level 0.0 Armour
 + Level 2.0 Dodging
 - Level 1.8 Stealth
 * Level 3.1 Spellcasting
 + Level 1.1 Conjurations
 + Level 1.1 Summonings
 + Level 0.8 Translocations


You had 3 spell levels left.
You knew the following spells:

 Your Spells              Type           Power        Failure   Level  Hunger
a - Magic Dart            Conj           #...         10%         1    None
b - Call Imp              Summ           #.......     14%         2    ##.....
k - Blink                 Tloc           N/A          14%         2    ##.....


Dungeon Overview and Level Annotations

Branches:
Dungeon (2/15)


Innate Abilities, Weirdness & Mutations

You have an increased reservoir of magic. (+10% MP)


Message History

You see here a bat corpse.
You butcher the bat corpse.
j - 7 chunks of flesh (gained 1)
Found a stone staircase leading down.
Found 5 gold pieces.
A rat comes into view.
Found 6 gold pieces.
You now have 26 gold pieces (gained 5).
Attack whom?
Press: ? - help, Dir - move target cursor, f - rat
Aim: a rat (resting)
You reach to attack!
The helpless rat fails to defend itself.
You hit the rat.
You kill the rat!
You now have 32 gold pieces (gained 6).
There is a stone staircase leading down here.
Are you sure you want to abandon this character and quit the game? (Confirm with "yes".)
Okay, then.
Are you sure you want to abandon this character and quit the game? (Confirm with "yes".)

#.##.# #..#####..
#.##.# #.........
#.##.# ##..#####.
#.##.# ##...#####...
#.##.###.###.......#
#.##.##.## ##.###.##
#.##....# ...
#.......## .###
########@# ## ##...#
####


There were no monsters in sight!

Vanquished Creatures
  3 dart slugs (D:1)
  A bat (D:2)
  3 giant cockroaches
  2 goblins
  A jackal (D:1)
  A ball python (D:1)
  A frilled lizard (D:1)
  2 kobolds (D:1)
  3 rats
17 creatures vanquished.

Vanquished Creatures (collateral kills)
  An adder (D:2)
  2 goblins (D:1)
  2 hobgoblins (D:1)
  2 jackals (D:1)
  4 kobolds (D:1)
11 creatures vanquished.

Grand Total: 28 creatures vanquished

Notes
Turn   | Place    | Note
-------+----------+-------------------------------------------
     0 | D:1      | Patchouli the Demigod Wizard began the quest for the Orb.
     0 | D:1      | Reached XP level 1. HP: 14/14 MP: 6/6
    55 | D:1      | Reached skill level 1 in Conjurations
   246 | D:1      | Reached XP level 2. HP: 14/20 MP: 0/8
   250 | D:1      | Learned a level 2 spell: Call Imp
   253 | D:1      | Learned a level 2 spell: Blink
   530 | D:1      | Reached skill level 1 in Summonings
   573 | D:1      | Reached skill level 3 in Spellcasting
   645 | D:2      | Reached skill level 1 in Polearms
   664 | D:2      | Found a shattered altar of Ashenzari.
   726 | D:2      | Reached XP level 3. HP: 26/26 MP: 8/10
   769 | D:2      | Quit the game

Skill      XL: |  1  2 |
---------------+-------+-----
Conjurations   | 1 |  1.1
Dodging        | 2 |  2.0
Summonings     | 1 |  1.1
Spellcasting   | 3 |  3.1
Polearms       | 1 |  1.0
Fighting       | |  0.1
Stealth        | |  1.8
Translocations | |  0.8

Action                   || total
-------------------------++-------
Melee: Spear             ||    33
 Cast: Magic Dart        ||    23
       Call Imp          ||    10
       Blink             ||     1
 Stab: Sleeping          ||     2
       Distracted        ||     1
Armor: Robe              ||     5
Dodge: Dodged            ||    28
